 Dungeon Crawl Stone Soup version 0.31.0-9-g3a7656b989 (webtiles) character file.

Game seed: 4641927096151385598

4265 qw the Skirmisher (level 9, 0/75 HPs)
             Began as a Demigod Hunter on Feb 2, 2024.
             Succumbed to Erica's bolt of poison
             ... on level 8 of the Dungeon.
             The game lasted 00:00:42 (6739 turns).

qw the Skirmisher (Demigod Hunter)                  Turns: 6739, Time: 00:00:43

Health: 0/75       AC: 12    Str: 12    XL:     9   Next: 85%
Magic:  11/11      EV: 22    Int: 11    God:
Gold:   408        SH:  0    Dex: 29    Spells: 8/8 levels left

rFire   . . .        o - +0 orcbow
rCold   + . .        (shield currently unavailable)
rNeg    . . .        k - +0 acid dragon scales
rPois   .            i - +2 helmet
rElec   .            j - +1 cloak
rCorr   +            (no gloves)
SInv    .            (no boots)
Will    .....        (no amulet)
Stlth   ++           q - ring of protection from cold
HPRegen 0.32/turn    b - +5 ring of evasion
MPRegen 0.12/turn

%: no passive effects
@: lethally poisoned (0 -> -3)
A: high MP 1, forlorn, divine attributes
a: no special abilities


You were on level 8 of the Dungeon.
You visited 1 branch of the dungeon, and saw 8 of its levels.
You also visited: Ossuary.

You collected 408 gold pieces.


Innate Abilities, Weirdness & Mutations

You have an increased reservoir of magic. (+10% MP)
You shall have no god before yourself.
Your divine heritage dramatically boosts your attributes as you level up.


   Skills:
 - Level 6.0 Fighting
 + Level 10.8 Ranged Weapons
 - Level 3.1 Armour
 - Level 6.0 Dodging
 - Level 0.8 Stealth


You had 8 spell levels left.
You didn't know any spells.
Your spell library was empty.

Inventory:

Hand Weapons
 o - a +0 orcbow (weapon)
Armour
 i - a +2 helmet (worn)
 j - a +1 cloak (worn)
 k - +0 acid dragon scales (worn)
Jewellery
 b - a +5 ring of evasion (right hand)
 e - a ring of resist corrosion
 q - a ring of protection from cold (left hand)
Wands
 l - a wand of mindburst (16)
Scrolls
 d - 2 scrolls of teleportation
Potions
 a - a potion of heal wounds {unknown}
 c - a potion of resistance
 f - a potion of cancellation
 g - a potion of attraction {unknown}
 h - 4 potions of curing
 m - a potion of haste {unknown}
 n - a potion of berserk rage {unknown}
 p - a potion of might

Dungeon Overview and Level Annotations

Branches:
Dungeon (8/15)             Temple (0/1) D:4         Ossuary (visited)
   Lair: D:8-11

Annotations:
D:3 3 runed translucent doors, qw's ghost, amateur DEHu
D:4 1 runed translucent door, Crazy Yiuf
D:7 exclusion: ogre
D:8 Erica


Message History

You shoot an arrow. The arrow hits the water moccasin!!
You kill the water moccasin!
Erica closely misses you. Erica misses you.
You shoot an arrow. The arrow barely misses Erica.
Erica stares at you and mumbles some strange words.
The bolt of poison hits you!!
You are poisoned.
You shoot an arrow. The arrow closely misses Erica.
You feel very sick.
Erica stares at you and mumbles some strange words.
You resist with some effort.
You shoot an arrow. The arrow hits Erica!
Erica is lightly wounded.
You feel very sick.
Erica hits you with a +2 scimitar of flaming.
Erica burns you. Erica barely misses you. The wight misses you.
You shoot an arrow. The arrow hits Erica.
Erica is moderately wounded.
You feel sick. Erica closely misses you. Erica grabs you. Erica constricts you.
The wight barely misses you.
You shoot an arrow. The arrow hits Erica!!
Erica is heavily wounded.
You feel sick. Erica completely misses you. Erica constricts you.
The wight hits you with a +0 mace.
6737 ||| READING 3 scrolls of teleportation.
As you read the scroll of teleportation, it crumbles to dust.
You feel strangely unstable.
You feel sick.
Erica hits you with a +2 scimitar of flaming.
Erica burns you. Erica constricts you. The wight hits you but does no damage.
You shoot an arrow. The arrow barely misses Erica.
You feel sick.
Erica mumbles some strange words.
Erica flickers and vanishes!
Deactivating autopickup; reactivate with Ctrl-A.
You are constricted.
The wight closely misses you.
You shoot an arrow. The arrow barely misses the wight.
Your surroundings suddenly seem different.
Something loses its grip on you.
You die...

# . .#
######.#
#......#
#......#
#..@...#
#.....##
#.....#
##.#.##
#. .# ##
##


There were no monsters in sight!

Vanquished Creatures
  Maggie (D:7)
  Grinder (D:4)
  Menkaure (D:4)
  Edmund (D:4)
  2 water moccasins
  2 sky beasts (D:7)
  An orc warrior (D:6)
  An ice beast (D:6)
  2 black bears
  An ogre (D:7)
  A centaur (D:5)
  2 lemures (D:7)
  4 scorpions
  5 wights (D:7)
  A burial acolyte (D:7)
  16 killer bees
  2 howler monkeys (D:8)
  A bombardier beetle (D:6)
  8 hounds
  7 orc priests
  2 jellies
  5 iguanas
  7 orc wizards
  2 scorpion zombies (Ossuary)
  Natasha (thrice) (D:4)
  2 mummies (Ossuary)
  Robin (D:2)
  6 gnolls
  8 adders
  2 white imps (D:5)
  4 ufetubi
  4 adder zombies
  A ribbon worm (D:2)
  A dart slug (D:5)
  25 orcs
  8 ball pythons
  4 bats
  11 endoplasms
  3 giant cockroaches (D:1)
  11 goblins
  7 hobgoblins
  9 jackals
  5 quokkas
  5 frilled lizards
  A jackal zombie (Ossuary)
  6 kobolds
  A kobold zombie (Ossuary)
  7 rats
211 creatures vanquished.

Notes
Turn   | Place    | Note
-------+----------+-------------------------------------------
     0 | D:1      | qw the Demigod Hunter began the quest for the Orb.
     0 | D:1      | Reached XP level 1. HP: 17/17 MP: 3/3
     0 | D:1      | 0 ||| qw: Version: 0.3-a-155-g5e7d8dd
     0 | D:1      | 0 ||| qw: Game counter: 329
     0 | D:1      | 0 ||| qw: Melee chars always use a shield: true
     0 | D:1      | 0 ||| qw: God list: Okawaru
     0 | D:1      | 0 ||| qw: Allow faded altars: false
     0 | D:1      | 0 ||| qw: Do Orc after clearing Dungeon:15 true
     0 | D:1      | 0 ||| qw: Do second Lair branch before Depths: true
     0 | D:1      | 0 ||| qw: Lair rune preference: random
     0 | D:1      | 0 ||| qw: Goals: Normal
     0 | D:1      | 0 ||| PLANNING D:1-11
    76 | D:1      | Reached skill level 4 in Ranged Weapons
   198 | D:1      | Reached XP level 2. HP: 24/24 MP: 4/4
   572 | D:1      | 572 ||| UPGRADING to +2 helmet.
   577 | D:1      | 577 ||| READING scroll labelled XAX TESHYUCK.
   578 | D:1      | 578 ||| READING scroll labelled INUREE GEOHO.
   578 | D:1      | 578 ||| ENCHANTING +0 shortbow.
   579 | D:1      | 579 ||| READING scroll labelled VOGASE ORULARYS.
   579 | D:1      | 579 ||| BRANDING +0 shortbow.
   580 | D:1      | 580 ||| READING scroll labelled WOUJAZACLA.
   581 | D:1      | 581 ||| READING scroll labelled WULUGO CAFI.
   582 | D:1      | 582 ||| DROPPING scroll of butterflies.
   630 | D:2      | 630 ||| STAIRDANCE
   634 | D:2      | 634 ||| STAIRDANCE
   700 | D:2      | Reached XP level 3. HP: 29/29 MP: 5/5
  1018 | D:2      | Noticed Robin
  1046 | D:2      | Killed Robin
  1047 | D:2      | Reached skill level 5 in Ranged Weapons
  1156 | D:2      | 1156 ||| READING scroll of brand weapon.
  1156 | D:2      | 1156 ||| BRANDING +0 shortbow of chaos.
  1194 | D:2      | Reached XP level 4. HP: 36/36 MP: 6/6
  1376 | D:2      | 1376 ||| UPGRADING to +0 cloak.
  1381 | D:2      | 1381 ||| READING 4 scrolls labelled VECZUWE UREIH.
  1381 | D:2      | 1381 ||| IDENTIFYING lumpy cyan potion
  1382 | D:2      | 1382 ||| READING 3 scrolls of identify.
  1382 | D:2      | 1382 ||| IDENTIFYING fizzy purple potion
  1383 | D:2      | 1383 ||| READING 2 scrolls of identify.
  1383 | D:2      | 1383 ||| IDENTIFYING scroll labelled CUNOTHR BIONOEP
  1384 | D:2      | 1384 ||| READING scroll of identify.
  1384 | D:2      | 1384 ||| IDENTIFYING scroll labelled YLEFEIF XUESKU
  1385 | D:2      | 1385 ||| READING scroll labelled CYM QENWAYDA.
  1486 | D:2      | 1486 ||| DROPPING scroll of vulnerability.
  1764 | D:3      | Found a runed translucent gate.
  1764 | D:3      | Found a runed translucent gate.
  1765 | D:3      | Found a runed translucent gate.
  1771 | D:3      | Noticed qw's ghost (amateur DEHu)
  1876 | D:3      | 1876 ||| READING scroll of enchant armour.
  1876 | D:3      | 1876 ||| ENCHANTING +0 cloak.
  2086 | D:3      | Reached skill level 6 in Ranged Weapons
  2086 | D:3      | Reached XP level 5. HP: 41/41 MP: 7/7
  2222 | D:3      | 2222 ||| UPGRADING to +0 ring mail.
  2232 | D:3      | 2232 ||| DROPPING +0 leather armour.
  2233 | D:3      | 2233 ||| UPGRADING to ring of resist corrosion.
  2234 | D:3      | 2234 ||| READING scroll labelled CIYXEINKAL.
  2305 | D:3      | 2305 ||| READING scroll labelled XOETEOR NODGH.
  2305 | D:3      | 2305 ||| ENCHANTING +0 shortbow of draining.
  2369 | D:4      | Noticed Menkaure
  2377 | D:4      | Killed Menkaure
  2389 | D:4      | Reached XP level 6. HP: 44/48 MP: 8/8
  2430 | D:4      | Reached skill level 3 in Fighting
  2460 | D:4      | Noticed Natasha
  2466 | D:4      | Killed Natasha
  2597 | D:4      | Reached skill level 3 in Dodging
  2610 | D:4      | Noticed Grinder
  2618 | D:4      | 2618 ||| FLEEEEING.
  2619 | D:4      | 2619 ||| FLEEEEING.
  2620 | D:4      | 2620 ||| FLEEEEING.
  2627 | D:4      | 2627 ||| FLEEEEING.
  2629 | D:4      | 2629 ||| FLEEEEING.
  2632 | D:4      | 2632 ||| FLEEEEING.
  2633 | D:4      | 2633 ||| FLEEEEING.
  2634 | D:4      | 2634 ||| FLEEEEING.
  2635 | D:4      | 2635 ||| FLEEEEING.
  2648 | D:4      | 2648 ||| FLEEEEING.
  2649 | D:4      | 2649 ||| FLEEEEING.
  2659 | D:4      | Killed Grinder
  2660 | D:4      | Reached skill level 7 in Ranged Weapons
  2660 | D:4      | Reached XP level 7. HP: 40/57 MP: 9/9
  2776 | D:4      | Found a runed translucent door.
  2777 | D:4      | Noticed Crazy Yiuf
  2811 | D:4      | Noticed Edmund
  2821 | D:4      | Killed Edmund
  2861 | D:4      | You fall into a shaft and drop 1 floor!
  2861 | D:5      | Entered Level 5 of the Dungeon
  2925 | D:5      | 2925 ||| RETREEEEATING.
  2967 | D:4      | Noticed Natasha
  2969 | D:4      | Killed Natasha
  2972 | D:4      | Noticed Natasha
  2979 | D:4      | Killed Natasha
  2993 | D:4      | Found a staircase to the Ecumenical Temple.
  3053 | D:4      | 3053 ||| READING scroll of brand weapon.
  3053 | D:4      | 3053 ||| BRANDING +1 shortbow of draining.
  3198 | D:4      | 3198 ||| READING 3 scrolls of identify.
  3198 | D:4      | 3198 ||| IDENTIFYING black potion
  3199 | D:4      | 3199 ||| READING 2 scrolls of identify.
  3199 | D:4      | 3199 ||| IDENTIFYING puce potion
  3200 | D:4      | 3200 ||| READING scroll of identify.
  3200 | D:4      | 3200 ||| IDENTIFYING scroll labelled FAIBUFEFEIL
  3201 | D:4      | 3201 ||| DROPPING potion of degeneration.
  3202 | D:4      | 3202 ||| DROPPING scroll of revelation.
  3275 | D:5      | Reached skill level 8 in Ranged Weapons
  3363 | D:5      | Reached XP level 8. HP: 66/66 MP: 10/10
  3891 | D:5      | 3891 ||| SWAPPING to +0 orcbow.
  3892 | D:5      | 3892 ||| DROPPING +1 heavy shortbow.
  3921 | D:5      | 3921 ||| UPGRADING to +5 ring of evasion.
  3922 | D:5      | 3922 ||| READING scroll of identify.
  3922 | D:5      | 3922 ||| IDENTIFYING clear potion
  3923 | D:5      | 3923 ||| READING scroll labelled FOIKUM LEATI.
  3924 | D:5      | 3924 ||| DROPPING potion of brilliance.
  3926 | D:5      | 3926 ||| Stepping ~*~*~tactically~*~*~ (cloud).
  4067 | D:6      | Reached skill level 9 in Ranged Weapons
  4113 | D:6      | 4113 ||| RETREEEEATING.
  4114 | D:6      | 4114 ||| RETREEEEATING.
  4141 | D:6      | HP: 12/67 [orc priest/divine providence (9)]
  4142 | D:6      | 4142 ||| READING 3 scrolls of teleportation.
  4146 | D:6      | HP: 9/67 [poisoned by a killer bee]
  4467 | D:6      | 4467 ||| FLEEEEING.
  4871 | D:6      | 4871 ||| RETREEEEATING.
  4878 | D:6      | Reached XP level 9. HP: 67/74 MP: 11/11
  5105 | D:7      | 5105 ||| PLANNING OSSUARY
  5124 | D:7      | Noticed Maggie
  5141 | D:7      | Killed Maggie
  5321 | D:7      | Found a sand-covered staircase.
  5322 | D:7      | 5322 ||| UPGRADING to +0 acid dragon scales.
  5332 | D:7      | 5332 ||| REMOVING ring of resist corrosion.
  5333 | D:7      | 5333 ||| DROPPING +0 ring mail.
  5339 | Ossuary  | Entered an ossuary
  5438 | D:7      | 5438 ||| PLANNING D:1-11
  5490 | D:7      | Reached skill level 10 in Ranged Weapons
  5508 | D:7      | Reached skill level 6 in Dodging
  5552 | D:7      | 5552 ||| FLEEEEING.
  5606 | D:7      | Reached skill level 6 in Fighting
  5609 | D:7      | HP: 13/75 [wight/+4 spear of freezing (8)]
  5610 | D:7      | 5610 ||| READING 3 scrolls of teleportation.
  5613 | D:7      | Reached skill level 3 in Armour
  6353 | D:7      | 6353 ||| DRINKING 2 golden potions.
  6638 | D:7      | 6638 ||| UPGRADING to ring of protection from cold.
  6723 | D:8      | Noticed Erica
  6723 | D:8      | 6723 ||| RETREEEEATING.
  6736 | D:8      | HP: 18/75 [constriction (4)]
  6737 | D:8      | 6737 ||| READING 3 scrolls of teleportation.
  6737 | D:8      | HP: 8/75 [Erica/+2 scimitar of flaming (4)]
  6738 | D:8      | HP: 1/75 [something (4)]
  6739 | D:8      | Succumbed to Erica's bolt of poison

Levels and vault maps discovered:
D:1:      evilmike_arrival_rings, layout_basic
D:2:      layout_loops_cross, grunt_ministairs_2, uniq_robin
D:3:      layout_loops_ring, gammafunk_ghost_split
D:4:      layout_basic, kennysheep_mini, minmay_temple_entry_hall,
          uniq_menkaure, uniq_edmund, uniq_grinder, uniq_crazy_yiuf_cottage,
          uniq_natasha
D:5:      layout_loops_cross, fedhas_bush_and_centaur_altar,
          lemuel_crystal_altar, mainiacjoe_overflow_chevrons
D:6:      layout_loops_cross
D:7:      layout_cave_pods, lemuel_zombie_altar_kikubaaqudgha,
          amcnicky_altar_gilded, nicolae_overflow_squiral,
          nicolae_ossuary_entry_plus, minmay_a_box_with_orc_wizards_in_it,
          uniq_maggie, uniq_pikel
D:8:      layout_loops_corners, nicolae_ashenzari_panopticon,
          nicolae_ru_great_annihilating_truth, uniq_erica

Skill      XL: |  1  2  3  4  5  6  7  8  9 |
---------------+----------------------------+-----
Ranged Weapons | 4 5 6 7 8 9 10 | 10.8
Fighting       | 2 3 4 5 6 |  6.0
Dodging        | 2 3 4 6 |  6.0
Armour         | 2 3 |  3.1
Stealth        | |  0.8

Action                     |  1- 3 |  4- 6 |  7- 9 || total
---------------------------+-------+-------+-------++-------
   Fire: Shortbow          |   133 |   160 |   100 ||   393
         Orcbow            |       |       |   371 ||   371
    Use: Scroll            |     6 |     8 |     9 ||    23
         Potion            |       |       |     1 ||     1
 Armour: Leather armour    |    42 |    16 |       ||    58
         Ring mail         |       |    25 |   117 ||   142
         Acid dragon scale |       |       |    64 ||    64
  Dodge: Dodged            |    51 |    53 |   271 ||   375

Table legend:
 A = Non-vault XP
 B = Vault XP
 C = Vault XP percentage of total XP
 D = Non-vault monster count
 E = Vault monster count
 F = Vault count percentage of total count
                 A         B        C        D         E       F
            +---------+---------+-------+---------+---------+-------
      Total |    4494 |    1599 |  26.2 |     172 |      37 |  17.7
            +---------+---------+-------+---------+---------+-------
        D:1 |      42 |       0 |   0.0 |      24 |       0 |   0.0
        D:2 |      50 |      40 |  44.4 |      15 |      14 |  48.3
        D:3 |     143 |       0 |   0.0 |      29 |       0 |   0.0
        D:4 |     472 |     643 |  57.7 |      27 |       4 |  12.9
        D:5 |     524 |     110 |  17.4 |      21 |       1 |   4.5
        D:6 |    1591 |       0 |   0.0 |      27 |       0 |   0.0
        D:7 |    1416 |     692 |  32.8 |      26 |      11 |  29.7
        D:8 |     256 |       0 |   0.0 |       3 |       0 |   0.0
    Ossuary |       0 |     114 | 100.0 |       0 |       7 | 100.0
            +---------+---------+-------+---------+---------+-------
